 Dungeon Crawl Stone Soup version 0.23.1 (webtiles) character file.

Game seed: 4583095061582056844

2630 Borgoz the Ducker (level 9, -2/74 HPs)
             Began as a Ghoul Monk on Mar 18, 2019.
             Was a Priest of Ashenzari.
             Killed from afar by an orc wizard (7 damage)
             ... with a magic dart
             ... on level 7 of the Dungeon.
             The game lasted 00:16:57 (6989 turns).

Borgoz the Ducker (Ghoul Monk)                      Turns: 6989, Time: 00:16:58

Health: -2/74      AC:  9    Str: 15      XL:     9   Next: 61%
Magic:  19/19      EV: 14    Int:  4 (5)  God:    Ashenzari [***...]
Gold:   199        SH:  0    Dex: 15 (16) Spells: 5/11 levels left

rFire    . . .     SeeInvis +   h - +0 rapier
rCold    + . .     Gourm    .   (no shield)
rNeg     + + +     Faith    .   r - +3 ring mail (curse)
rPois    ∞         Spirit   .   (no helmet)
rElec    .         Reflect  .   (no cloak)
rCorr    .         Harm     .   (no gloves)
MR       .....                  (no boots)
Stlth    ++........             (no amulet)
HPRegen  0.00/turn              k - +2 ring of dexterity
MPRegen  0.16/turn              y - ring of magical power

@: rotting
A: rotting body, claws 1, carnivore, cold resistance 1, negative energy
resistance 3, inhibited regeneration, torment resistance, unbreathing
a: Curse Item, Scrying, Renounce Religion


You were on level 7 of the Dungeon.
You worshipped Ashenzari.
Ashenzari was most pleased with you.
You were not hungry.

You visited 2 branches of the dungeon, and saw 8 of its levels.

You collected 199 gold pieces.

Inventory:

Hand Weapons
 h - a +0 rapier (weapon)
Missiles
 d - 10 tomahawks (quivered)
Armour
 l - a +0 ring mail of magic resistance
 r - a cursed +3 ring mail (worn)
Jewellery
 g - an uncursed ring of flight
 k - a +2 ring of dexterity (left claw)
 y - a ring of magical power (right claw)
Wands
 p - a wand of iceblast (4)
 s - a wand of paralysis (4)
Scrolls
 e - a scroll of enchant weapon {unknown}
 f - a scroll of magic mapping
 i - 3 scrolls of teleportation {unknown}
 n - 2 scrolls of noise {unknown}
 q - a scroll of amnesia {unknown}
 v - a scroll of blinking {unknown}
Potions
 m - 2 potions of flight
 o - 3 potions of cancellation
Comestibles
 c - 8 rations


   Skills:
 + Level 5.5 Fighting
 * Level 6.0 Short Blades
 * Level 5.1 Armour
 * Level 6.1 Dodging
 + Level 5.3 Stealth
 + Level 1.5 Spellcasting
 + Level 1.5 Hexes
 + Level 2.9 Evocations


You had 5 spell levels left.
You knew the following spells:

 Your Spells              Type           Power        Failure   Level  Hunger
a - Invisibility          Hex            #.......     100%        6    #######

Your spell library contained the following spells:

 Spells                   Type           Power        Failure   Level  Hunger
 Passwall                 Tmut/Erth      #.......     80%         2    ###....
 Swiftness                Chrm/Air       #.......     80%         2    ###....
 Passage of Golubria      Tloc           N/A          100%        4    #####..
 Lee's Rapid Deconstruct  Erth           #.........   100%        5    ######.
 Darkness                 Hex            #.........   100%        6    #######


Dungeon Overview and Level Annotations

Branches:
Dungeon (7/15)             Temple (1/1) D:6

Altars:
Ashenzari
Cheibriados
Dithmenos
Elyvilon
Fedhas
Gozag
Hepliaklqana
Kikubaaqudgha
Nemelex Xobeh
Okawaru
Qazlal
Ru
Sif Muna
Trog
Uskayaw
Vehumet
Xom
Yredelemnul
Zin
The Shining One

Annotations:
D:7 1 runed translucent door, Crazy Yiuf


Innate Abilities, Weirdness & Mutations

Your body is rotting away.
You thrive on raw meat.
You are immune to poison.
You have sharp fingernails.
You are carnivorous and can eat meat at any time.
Your flesh is cold resistant. (rC+)
You are immune to negative energy. (rN+++)
You do not regenerate when monsters are visible.
You are immune to unholy pain and torment.
You can survive without breathing.


Message History

You hit the orc wizard but do no damage.
The orc wizard is lightly wounded.
The orc wizard gestures at you while chanting.
You easily resist.
You hit the orc wizard but do no damage.
The orc wizard is lightly wounded.
The orc wizard hits you but does no damage.
You miss the orc wizard.
The orc wizard is lightly wounded.
The orc wizard gestures at you while chanting.
The magic dart hits you but does no damage.
The orc wizard completely misses you.
You puncture the orc wizard!
The orc wizard is severely wounded.
The orc wizard hits you but does no damage.
You completely miss the orc wizard.
The orc wizard is severely wounded.
The orc wizard points at you and mumbles some strange words.
The magic dart hits you!
You die...

* , #.* * * ,
*#.# .....# ,
, #.#*
.....#* * * *
, , #..
.....+ ,
*#.###.....#*
**
#...,.....##
##### #..#
....... ,
#)g.#
#..##......#
* #...#
#.o@(..# ,
... #..)####
* #### #+#*
#...# , ...#
#.## #...#
...# ##.#
#...#*,* * ,
...# #.##
#$#.#* * *
#### ##.#
#)#... ##.##
#)##### ,
##...# #.# *


You could see an orc wizard.

Vanquished Creatures
  Pikel (D:6)
  A gargoyle (D:6)
  A hippogriff (D:7)
  Sigmund (D:5)
  Duvessa (D:7)
  4 slaves (D:6)
  2 phantoms
  2 ogres
  2 centaurs
  2 bullfrogs (D:7)
  Dowan (D:7)
  A howler monkey (D:5)
  2 crimson imps
  3 hounds
  A jelly (D:5)
  A gnoll shaman (D:4)
  An orc priest (D:5)
  3 orc wizards
  2 iguanas
  2 worker ants
  A hound skeleton (D:6)
  A worker ant zombie (D:7)
  11 gnolls
  7 adders
  A shadow imp (D:6)
  An ooze (D:1)
  An adder zombie (D:5)
  2 adder skeletons
  3 worms
  A dart slug (D:1)
  5 leopard geckos
  12 orcs
  9 bats
  5 giant cockroaches
  3 goblins
  8 hobgoblins
  7 jackals
  3 quokkas
  2 ball pythons
  5 frilled lizards
  2 jackal zombies (D:7)
  6 kobolds
  A leopard gecko zombie (D:6)
  8 rats
139 creatures vanquished.

Vanquished Creatures (others)
  An orc wizard (D:7)
1 creature vanquished.

Grand Total: 140 creatures vanquished

Notes
Turn   | Place    | Note
-------+----------+-------------------------------------------
     0 | D:1      | Borgoz the Ghoul Monk began the quest for the Orb.
     0 | D:1      | Reached XP level 1. HP: 19/19 MP: 0/0
    40 | D:2      | Reached XP level 2. HP: 19/26 MP: 1/1
   278 | D:1      | Reached XP level 3. HP: 11/31 MP: 2/2
   308 | D:1      | Reached skill level 1 in Armour
  1550 | D:2      | Reached XP level 4. HP: 31/36 MP: 3/3
  1996 | D:3      | Found a shattered altar of Ashenzari.
  1996 | D:3      | Found a snail-covered altar of Cheibriados.
  2052 | D:3      | Became a worshipper of Ashenzari the Shackled
  2052 | D:3      | Reached * piety under Ashenzari
  2052 | D:3      | Reached ** piety under Ashenzari
  2668 | D:4      | Reached XP level 5. HP: 30/46 MP: 4/4
  2708 | D:4      | Noticed a phantom
  2802 | D:4      | Found a basalt altar of Yredelemnul.
  2803 | D:4      | Found a blossoming altar of Fedhas.
  2886 | D:4      | Killed a phantom
  2886 | D:4      | Reached XP level 6. HP: 24/52 MP: 5/5
  3170 | D:5      | Entered Level 5 of the Dungeon
  3357 | D:4      | Found a hazy altar of Hepliaklqana.
  3360 | D:4      | Found a hide-covered altar of Uskayaw.
  3607 | D:5      | Noticed Sigmund
  3634 | D:5      | Killed Sigmund
  3634 | D:5      | Reached XP level 7. HP: 44/60 MP: 6/6
  3778 | D:5      | Found a shimmering altar of Xom.
  3795 | D:5      | Reached skill level 1 in Evocations
  4795 | D:6      | Noticed a gargoyle
  4803 | D:6      | Killed a gargoyle
  4803 | D:6      | Reached skill level 5 in Dodging
  4803 | D:6      | Reached XP level 8. HP: 52/63 MP: 6/8
  4850 | D:6      | Reached skill level 5 in Short Blades
  5206 | D:6      | Reached skill level 5 in Fighting
  5254 | D:5      | HP: 3/68 [gnoll/+0 club (6)]
  5517 | D:5      | Learned a level 6 spell: Invisibility
  5828 | D:4      | Found a white marble altar of Elyvilon.
  5920 | D:6      | Found a staircase to the Ecumenical Temple.
  5949 | D:6      | Reached *** piety under Ashenzari
  5960 | Temple   | Entered the Ecumenical Temple
  6009 | D:6      | Noticed Pikel
  6037 | D:6      | Killed Pikel
  6037 | D:6      | Reached skill level 1 in Spellcasting
  6037 | D:6      | Reached skill level 1 in Hexes
  6037 | D:6      | Reached XP level 9. HP: 31/74 MP: 9/9
  6075 | D:6      | Reached skill level 5 in Stealth
  6523 | D:7      | Found a runed translucent door.
  6525 | D:7      | Noticed Crazy Yiuf
  6802 | D:7      | Reached skill level 5 in Armour
  6895 | D:7      | Noticed Duvessa
  6895 | D:7      | Noticed Dowan
  6967 | D:7      | Killed Duvessa
  6979 | D:7      | Killed Dowan
  6989 | D:7      | Killed from afar by an orc wizard

Skill      XL: |  1  2  3  4  5  6  7  8  9 |
---------------+----------------------------+-----
Dodging        | 3 4 5 6 |  6.1
Short Blades   | 3 4 5 6 |  6.0
Armour         | 1 2 3 4 5 |  5.1
Stealth        | 3 4 5 |  5.3
Fighting       | 4 5 |  5.5
Evocations     | 1 2 |  2.9
Spellcasting   | 1 |  1.5
Hexes          | 1 |  1.5

Action                   |  1- 3 |  4- 6 |  7- 9 || total
-------------------------+-------+-------+-------++-------
Melee: Short sword       |   176 |   213 |       ||   389
       Rapier            |       |   123 |   431 ||   554
Invok: Curse Item        |       |     1 |       ||     1
Evoke: Wand              |       |       |    10 ||    10
  Use: Scroll            |     2 |     5 |     1 ||     8
       Potion            |       |     1 |    11 ||    12
 Stab: Sleeping          |     4 |     1 |     3 ||     8
       Distracted        |       |     1 |       ||     1
       Invisible         |       |     5 |       ||     5
       Paralysed         |       |       |     5 ||     5
  Eat: Chunk             |    16 |    22 |    26 ||    64
Armor: Robe              |    17 |       |       ||    17
       Scale mail        |     8 |    44 |       ||    52
       Ring mail         |       |    73 |   126 ||   199
Dodge: Dodged            |   106 |   188 |   309 ||   603
